 Dungeon Crawl Stone Soup version 0.29-a0-221-gceb61267dd (webtiles) character file.

Game seed: 14038140609014858430

58 shoop the Vexing (level 3, -1/20 HPs)
             Began as a Deep Elf Arcane Marksman on Feb 26, 2022.
             Slain by a worm (10 damage)
             ... on level 2 of the Dungeon.
             The game lasted 00:02:41 (1827 turns).

shoop the Vexing (Deep Elf Arcane Marksman)         Turns: 1827, Time: 00:02:41

Health: -1/20      AC:  3    Str:  7    XL:     3   Next: 76%
Magic:  8/8        EV: 13    Int: 19    God:
Gold:   54         SH:  0    Dex: 15    Spells: 2/6 levels left

rFire   + . .      SeeInvis .   a - +0 shortbow
rCold   + . .      Faith    .   (shield currently unavailable)
rNeg    . . .      Spirit   .   b - +0 robe
rPois   .          Reflect  .   (no helmet)
rElec   .          Harm     .   k - scarf {rC+ rF+}
rCorr   .          Rampage  .   i - +0 pair of gloves
Will    .....                   (no boots)
Stlth   ++........              (no amulet)
HPRegen 0.06/turn               (no ring)
MPRegen 0.11/turn               (no ring)

@: no status effects
A: no striking features
a: no special abilities


You were on level 2 of the Dungeon.
You visited 1 branch of the dungeon, and saw 2 of its levels.

You collected 54 gold pieces.

Inventory:

Hand Weapons
 a - a +0 shortbow (weapon)
Missiles
 f - a throwing net
Armour
 b - a +0 robe (worn)
 i - a +0 pair of gloves (worn)
 k - a scarf of resistance (worn)
Scrolls
 c - a scroll of magic mapping {unknown}
 d - 2 scrolls of identify {unknown}
 h - 2 scrolls of noise {unknown}
Potions
 e - a potion of heal wounds {unknown}
 g - a potion of brilliance {unknown}
 j - a potion of haste {unknown}
 l - a potion of mutation {unknown}


   Skills:
 - Level 1.0 Fighting
 - Level 4.0 Bows
 - Level 3.0 Dodging
 - Level 2.0 Stealth
 - Level 2.0 Spellcasting
 - Level 4.0 Hexes
 + Level 1.1 Fire Magic


You had 2 spell levels left.
You knew the following spells:

 Your Spells              Type           Power      Damage    Failure   Level
a - Slow                  Hex            68%        N/A       3%          1
c - Inner Flame           Hex/Fire       11%        N/A       17%         3

Your spell library contained the following spells:

 Spells                   Type           Power      Damage    Failure   Level
 Magic Dart               Conj           4%         1d3       17%         1
 Sting                    Tmut/Pois      4%         1d3       17%         1
 Poisonous Vapours        Pois/Air       2%         N/A       26%         2
 Searing Ray              Conj           2%         2d4       26%         2
 Portal Projectile        Hex/Tloc       18%        N/A       22%         3
 Cause Fear               Hex            8%         N/A       32%         4
 Fulminant Prism          Conj/Hex       4%         3d6       58%         4
 Olgreb's Toxic Radiance  Pois           1%         N/A       86%         4


Dungeon Overview and Level Annotations

Branches:
Dungeon (2/15)

Altars:
Okawaru

Annotations:
D:2 Terence


Message History

Terence screams, "I'm going to kill you!"
There is a stone staircase leading up here.
Magic restored.
You climb upwards.
There is a stone staircase leading down here.
There is a stone staircase leading down here.
You climb downwards.
Level annotation: Terence
There is a stone staircase leading up here.
You open the door.
A worm, a goblin and a ball python come into view.
The goblin shouts!
Found 9 gold pieces and 25 stones.
You shoot an arrow. The ball python hisses angrily.
The arrow hits the worm!
The worm is heavily wounded.
You shoot an arrow. The arrow hits the worm.
The worm is moderately wounded.
You shoot an arrow. The arrow hits the worm.
The worm is heavily wounded.
You shoot an arrow. The arrow hits the worm.
The worm is heavily wounded.
The ball python closely misses you. The ball python grabs you.
The ball python constricts you. The worm closely misses you.
You shoot an arrow. The arrow hits the ball python.
You kill the ball python!
You shoot an arrow. The arrow hits the worm.
The worm is severely wounded.
The goblin hits you with a +0 dagger. The worm bites you.
You shoot an arrow. The arrow barely misses the worm.
The goblin barely misses you. The worm misses you.
The goblin hits you but does no damage.
You shoot an arrow. The arrow hits the worm.
The worm is severely wounded.
The goblin hits you with a +0 dagger. The worm bites you.
You shoot an arrow. The arrow completely misses the worm.
The goblin hits you with a +0 dagger. The worm bites you!
Ouch! That really hurt!
You die...

.....###.....###.......##........
#.....###.....##.......###.....#.
##..r..###.....#.............###.
##.....###....#........##...# ##
##.....###...'.....#########
###@### ##..#..#### #.....#
##.#..# #.....#. ###..# +.)...+(.
#@.# #..@..#... #wg# #.....#..S.
#..# ###'####....#..# ...
#.$.'..# #.... ##..#..# ##...@
##.#..# ##.... # #..# #.... #..#


You could see a worm and a goblin.

Vanquished Creatures
  A gnoll (D:1)
  A worm (D:2)
  A dart slug (D:1)
  3 ball pythons
  6 endoplasms
  2 giant cockroaches (D:1)
  3 goblins
  4 hobgoblins
  2 jackals (D:1)
  2 quokkas (D:1)
  4 bats (D:1)
  A frilled lizard (D:1)
  5 kobolds
  4 rats
39 creatures vanquished.

Notes
Turn   | Place    | Note
-------+----------+-------------------------------------------
     0 | D:1      | shoop the Deep Elf Arcane Marksman began the quest for the
                  | Orb.
     0 | D:1      | Reached XP level 1. HP: 11/11 MP: 5/5
   370 | D:1      | Found a faded altar of an unknown god.
   391 | D:1      | Reached XP level 2. HP: 15/16 MP: 6/6
   439 | D:1      | Reached skill level 1 in Fighting
   552 | D:1      | Reached skill level 1 in Stealth
   985 | D:1      | Reached XP level 3. HP: 19/20 MP: 8/8
   989 | D:1      | Learned a level 3 spell: Inner Flame
  1377 | D:2      | Found an iron altar of Okawaru.
  1681 | D:2      | Reached skill level 1 in Fire Magic
  1691 | D:2      | Noticed Terence
  1827 | D:2      | Slain by a worm

Illustrated notes

Levels and vault maps discovered:
D:1:      minmay_arrival_doors, layout_basic, nicolae_ecumenical_lake_church
D:2:      layout_rooms, basic_altar, minmay_quadrilaterals, uniq_terence

Skill      XL: |  1  2  3 |
---------------+----------+-----
Bows           | 3 4 |  4.0
Fighting       | 1 |  1.0
Stealth        | 1 2 |  2.0
Spellcasting   | 2 |  2.0
Dodging        | 3 |  3.0
Fire Magic     | 1 |  1.1
Hexes          | |  4.0

Action                   || total
-------------------------++-------
 Fire: Shortbow          ||   118
 Cast: Slow              ||     4
Armor: Robe              ||     8
Dodge: Dodged            ||    45

Table legend: (Time is in decaauts)
 A = Elapsed time spent in this place.
 B = Non-inter-level travel time spent in this place.
 C = Inter-level travel time spent in this place.
 D = Time resting spent in this place.
 E = Time spent auto-exploring this place.
 F = Levels seen in this place.
 G = Mean time per level.
                   A        B        C        D        E       F      G
               +--------+--------+--------+--------+--------+-----+--------+
         Total |   1867 |   1811 |     56 |      0 |   1496 |   2 |  933.5 |
       Dungeon |   1867 |   1811 |     56 |      0 |   1496 |   2 |  933.5 |
               +--------+--------+--------+--------+--------+-----+--------+

Top non-repeatable levels by time:
     D:1: 1295 daAuts
     D:2: 571 daAuts
